 Dungeon Crawl Stone Soup version 0.22-a0-271-gc000056 (webtiles) character file.

1940 tidbits the Insei (level 9, 10/99 HPs)
             Began as a Gnoll Transmuter on Mar 11, 2018.
             Quit the game on level 6 of the Dungeon.
             The game lasted 00:16:39 (1562 turns).

tidbits the Insei (Gnoll Transmuter)                Turns: 1562, Time: 00:16:39

Health: 10/99      AC: 24    Str: 13    XL:     9   Next: 18%
Magic:  2/18       EV:  2    Int: 19    God:
Gold:   25         SH:  0    Dex: 17    Spells: 9/20 levels left

rFire    . . .     SeeInvis .     - Unarmed
rCold    . . .     Gourm    .   (no shield)
rNeg     + + +     Faith    .   (armour currently unavailable)
rPois    +         Spirit   .   (helmet currently unavailable)
rElec    .         Reflect  .   (cloak currently unavailable)
rCorr    .         Harm     .   (gloves currently unavailable)
MR       .....     NoTele   +   (boots currently unavailable)
Stlth    +++.......             (no amulet)
HPRegen  0.26/turn              V - +4 ring of evasion
MPRegen  0.16/turn              W - ring of wizardry

@: mildly poisoned (10 -> 8), tree-form, very slightly contaminated
A: distributed training, thin skeletal structure 1, sense surroundings 1, no
potion heal 1, strong nose
a: no special abilities


You were on level 6 of the Dungeon.
You were hungry.
You were a tree.
You visited 1 branch of the dungeon, and saw 8 of its levels.

You collected 223 gold pieces.
You spent 198 gold pieces at shops.

Inventory:

Hand Weapons
 a - a +2 dagger of venom
   (You took it off an orc wizard on level 4 of the Dungeon)
 e - a +0 scimitar
 f - a +2 dagger of venom
   (You took it off an orc wizard on level 4 of the Dungeon)
 l - a cursed -2 rapier
 n - a +4 morningstar
 q - a +2 flail of holy wrath
   (You took it off an orc on level 7 of the Dungeon)
 s - the +6 hand axe of Nightmares {protect, +Inv Dex+4 Stlth-}
   (You found it on level 5 of the Dungeon)

   It protects the one who uses it against injury (+AC on strike).
   It affects your dexterity (+4).
   It lets you turn invisible.
   It makes you less stealthy.
Missiles
 j - 4 arrows
 k - 25 stones (quivered)
Armour
 b - a +0 robe (melded)
 p - a +0 ring mail
 t - a +0 helmet (melded)
Magical Staves
 m - an uncursed staff of summoning
   (You found it on level 4 of the Dungeon)
Jewellery
 I - an uncursed ring of see invisible
   (You found it on level 1 of the Dungeon)
 V - a +4 ring of evasion (left branch)
   (You found it on level 1 of the Dungeon)
 W - a ring of wizardry (right branch)
   (You found it on level 6 of the Dungeon)
Scrolls
 d - 2 scrolls of blinking
 h - a scroll of noise
 o - a scroll of amnesia
 r - 3 scrolls of remove curse
Potions
 u - a potion of curing
 v - a potion of agility
 w - a potion of might
 z - a potion of brilliance
Comestibles
 c - 7 rations


   Skills:
 + Level 4.7 Fighting
 + Level 3.9 Short Blades
 + Level 3.9 Long Blades
 + Level 3.9 Axes
 + Level 3.9 Maces & Flails
 + Level 3.9 Polearms
 + Level 3.9 Staves
 + Level 3.9 Slings
 + Level 3.9 Bows
 + Level 3.9 Crossbows
 + Level 3.9 Throwing
 + Level 3.9 Armour
 + Level 6.1 Dodging
 + Level 3.9 Stealth
 + Level 3.9 Shields
 + Level 7.7 Unarmed Combat
 + Level 6.4 Spellcasting
 + Level 3.2 Conjurations
 + Level 3.2 Hexes
 + Level 3.2 Charms
 + Level 3.2 Summonings
 + Level 3.2 Necromancy
 + Level 3.2 Translocations
 + Level 5.0 Transmutations
 + Level 3.2 Fire Magic
 + Level 3.2 Ice Magic
 + Level 3.2 Air Magic
 + Level 3.2 Earth Magic
 + Level 3.2 Poison Magic
 + Level 4.3 Invocations
 + Level 3.9 Evocations


You had 9 spell levels left.
You knew the following spells:

 Your Spells              Type           Power        Failure   Level  Hunger
e - Beastly Appendage     Tmut           ####..       1%          1    None
h - Blade Hands           Tmut           ####......   16%         5    #####..
k - Sticks to Snakes      Tmut           ####....     1%          2    None
p - Spider Form           Tmut/Pois      ###.......   2%          3    ##.....


Dungeon Overview and Level Annotations

Branches:
Dungeon (8/15)
 Temple: D:4-7         Lair: D:8-11

Altars:
Gozag

Shops:
D:6 !


Innate Abilities, Weirdness & Mutations

Your experience applies equally to all skills.
((You have extremely sharp teeth.))
Your uncanny sense of smell can sniff out nearby items.
You have a somewhat thin skeletal structure. (Dex +2, Stealth)
You passively map a small area around you.
Potions are less effective at restoring your health.


Message History

Your adder bites the jackal zombie.
The jackal zombie is destroyed!
You see here a glass ring.
y - a glass ring Put on which piece of jewellery? (? for menu, Esc to quit)
You're wearing all the rings you can.
Remove which one? (? for menu, Esc to cancel) < or
V - a +4 ring of evasion; > or
g - a ring of see invisible You remove your ring of see invisible.
y - a ring of wizardry (right front leg) Adjust (i)tems, (s)pells, or (a)bilities?
Adjust which item? (? for menu, Esc to quit)
y - a ring of wizardry (right front leg) Adjust to which letter? (? for menu, Esc to quit)
W - a ring of wizardry (right front leg) Adjust (i)tems, (s)pells, or (a)bilities?
Adjust which item? (? for menu, Esc to quit)
Okay, then.
As you read the scroll of identify, it crumbles to dust.
o - a scroll of amnesia
Okay, then.
Adjust (i)tems, (s)pells, or (a)bilities?
Adjust which item? (? for menu, Esc to quit)
g - an uncursed ring of see invisible Adjust to which letter? (? for menu, Esc to quit)
I - an uncursed ring of see invisible Your transformation has ended.
Your +0 helmet unmelds from your body.
Your +0 robe unmelds from your body.
Your ball python is no longer covered in acid.
Your adder withers and dies!
Unknown command.
An orc wizard comes into view. It is wielding a dagger.
The orc warrior shouts!
The orc shouts!
Your ball python withers and dies!
Unknown command.
Casting: Sticks to Snakes (safe; 1% risk of failure)
Confirm with . or Enter, or press ? or * to list all spells.
You create 2 snakes!
You now have 6 arrows.
The orc closely misses your adder.
Casting: Sticks to Snakes (safe; 1% risk of failure)
Confirm with . or Enter, or press ? or * to list all spells.
You create 2 snakes!
You now have 4 arrows.
The orc hits your adder with a flail.
Your adder bites the orc.
Casting: Sticks to Snakes (safe; 1% risk of failure)
Confirm with . or Enter, or press ? or * to list all spells.
Okay, then.
Okay, then.
Casting: Sticks to Snakes (safe; 1% risk of failure)
Confirm with . or Enter, or press ? or * to list all spells.
You miscast Blade Hands.
You are very lightly contaminated with residual magic.
The air around you crackles with energy!
You are feeling hungry.
Your adder bites the orc.
The orc is poisoned.
Your adder poisons the orc!
The orc misses your adder.
Your ball python bites the orc.
Your ball python grabs the orc.
Your ball python constricts the orc.
The orc hits your ball python with a dagger of venom.
Your ball python dies!
Casting: Blade Hands (quite dangerous; 16% risk of failure)
Confirm with . or Enter, or press ? or * to list all spells.
You miscast Blade Hands.
The air around you crackles with energy!
Your adder completely misses the orc.
Your ball python bites the orc.
Your ball python grabs the orc.
Your ball python constricts the orc.
The orc barely misses your ball python.
Your ball python bites the orc warrior.
Your ball python completely misses the orc warrior.
The orc misses your adder.
The orc warrior hits your ball python with a trident of protection!!
Your ball python dies!
Okay, then.
Unknown command.
Okay, then.
Your adder bites the orc but does no damage.
Your ball python bites the orc.
Your ball python constricts the orc.
The orc dies!
The orc wizard gestures at you while chanting.
The magic dart hits you!
* * * LOW HITPOINT WARNING * * *
Your adder bites the orc.
The orc dies!
The orc hits you with a dagger of venom.
* * * LOW HITPOINT WARNING * * *
You are poisoned.
The orc warrior hits you from afar with a trident of protection!!
* * * LOW HITPOINT WARNING * * *
You turn into a tree.
Your +0 helmet melds into your body.
Your +0 robe melds into your body.
Your roots penetrate the ground.
You feel sick.
Your ball python bites the orc.
Your ball python grabs the orc.
Your ball python constricts the orc.
Your adder bites the orc.
Your ball python bites the orc.
Your ball python constricts the orc.
The orc completely misses your adder.
The orc warrior hits you but does no damage.
Unknown command.
You smack the orc!
You kill the orc!
The orc wizard closely misses your adder.
Throwing (i - inventory)
k - 25 stones (quivered)
Press: ? - help, Shift-Dir - straight line, f - orc wizard
Aim: an orc wizard, wielding a dagger and wearing a robe
Okay, then.
Are you sure you want to abandon this character and quit the game? (Confirm with "yes".)

............,##..###.......#
#..# .).......... #...#
###......##..# )..........#
#..## ###....##..#
...........###..# #######..#
..........# #...### #..#
.........## #.....### ##..
#.......## ##.......## #o.
#......## #.....S...### #..
.......#####....♣S))...# #J.
..................o.....#
##..
......>.........o.........
*#....
.#########................
...... #####
#...................o..#
....###
#......................#
......##
##.................o...
.......## ##.............,
.oo. ........## , ,


You could see an orc warrior, an orc wizard, a friendly adder and a friendly
ball python.

Vanquished Creatures
  A hippogriff (D:7)
  An ice beast (D:6)
  2 orc warriors (D:7)
  3 ogres
  4 bullfrogs
  A scorpion (D:5)
  4 wights (D:7)
  2 howler monkeys
  2 jellies
  7 orc wizards
  A bullfrog skeleton (D:7)
  A gnoll shaman (D:7)
  2 iguanas (D:6)
  A worker ant (D:6)
  A hound skeleton (D:7)
  3 gnolls (D:7)
  3 adders
  A shadow imp (D:5)
  2 adder skeletons
  A worm (D:5)
  2 leopard geckos
  15 orcs
  A goblin (D:1)
  4 jackals (D:5)
  2 rats
67 creatures vanquished.

Vanquished Creatures (collateral kills)
  Prince Ribbit (D:5)
  A jelly (D:6)
  3 orcs
  A jackal zombie (D:6)
6 creatures vanquished.

Vanquished Creatures (others)
  An orc (D:7)
1 creature vanquished.

Grand Total: 74 creatures vanquished

Notes
Turn   | Place    | Note
-------+----------+-------------------------------------------
     0 | D:1      | tidbits the Gnoll Transmuter began the quest for the Orb.
     0 | D:1      | Reached XP level 1. HP: 17/17 MP: 6/6
   226 | D:3      | Reached XP level 2. HP: 23/23 MP: 5/7
   230 | D:3      | Learned a level 2 spell: Sticks to Snakes
   385 | D:5      | Entered Level 5 of the Dungeon
   401 | D:4      | Reached skill level 5 in Spellcasting
   401 | D:4      | Reached skill level 1 in Invocations
   401 | D:4      | Reached XP level 3. HP: 17/28 MP: 4/9
   409 | D:4      | Reached skill level 1 in Short Blades
   409 | D:4      | Reached skill level 1 in Long Blades
   409 | D:4      | Reached skill level 1 in Axes
   409 | D:4      | Reached skill level 1 in Maces & Flails
   409 | D:4      | Reached skill level 1 in Polearms
   409 | D:4      | Reached skill level 1 in Staves
   409 | D:4      | Reached skill level 1 in Slings
   409 | D:4      | Reached skill level 1 in Bows
   409 | D:4      | Reached skill level 1 in Crossbows
   409 | D:4      | Reached skill level 1 in Throwing
   409 | D:4      | Reached skill level 1 in Armour
   409 | D:4      | Reached skill level 1 in Stealth
   409 | D:4      | Reached skill level 1 in Shields
   409 | D:4      | Reached skill level 1 in Evocations
   409 | D:4      | Reached XP level 4. HP: 22/34 MP: 3/11
   419 | D:4      | Learned a level 3 spell: Spider Form
   425 | D:4      | Reached skill level 1 in Conjurations
   425 | D:4      | Reached skill level 1 in Hexes
   425 | D:4      | Reached skill level 1 in Charms
   425 | D:4      | Reached skill level 1 in Summonings
   425 | D:4      | Reached skill level 1 in Necromancy
   425 | D:4      | Reached skill level 1 in Translocations
   425 | D:4      | Reached skill level 1 in Fire Magic
   425 | D:4      | Reached skill level 1 in Ice Magic
   425 | D:4      | Reached skill level 1 in Air Magic
   425 | D:4      | Reached skill level 1 in Earth Magic
   425 | D:4      | Reached skill level 1 in Poison Magic
   485 | D:4      | Reached XP level 5. HP: 28/40 MP: 6/12
   627 | D:5      | Reached skill level 3 in Fighting
   627 | D:5      | Reached skill level 4 in Transmutations
   666 | D:5      | Noticed an ogre
   672 | D:5      | Killed an ogre
   672 | D:5      | Reached skill level 2 in Invocations
   672 | D:5      | Reached XP level 6. HP: 47/47 MP: 9/13
   712 | D:5      | Got a jewelled hand axe
   780 | D:4      | Identified the +6 hand axe of Nightmares {protect, +Inv Dex+4 Stlth-} (You found it on level 5 of the Dungeon)
   819 | D:5      | Noticed Prince Ribbit
   839 | D:5      | Killed Prince Ribbit
   839 | D:5      | Reached skill level 2 in Short Blades
   839 | D:5      | Reached skill level 2 in Long Blades
   839 | D:5      | Reached skill level 2 in Axes
   839 | D:5      | Reached skill level 2 in Maces & Flails
   839 | D:5      | Reached skill level 2 in Polearms
   839 | D:5      | Reached skill level 2 in Staves
   839 | D:5      | Reached skill level 2 in Slings
   839 | D:5      | Reached skill level 2 in Bows
   839 | D:5      | Reached skill level 2 in Crossbows
   839 | D:5      | Reached skill level 2 in Throwing
   839 | D:5      | Reached skill level 2 in Armour
   839 | D:5      | Reached skill level 5 in Dodging
   839 | D:5      | Reached skill level 2 in Stealth
   839 | D:5      | Reached skill level 2 in Shields
   839 | D:5      | Reached skill level 2 in Evocations
   839 | D:5      | Reached XP level 7. HP: 52/52 MP: 7/15
   920 | D:7      | Reached skill level 7 in Unarmed Combat
   920 | D:7      | Reached skill level 2 in Conjurations
   920 | D:7      | Reached skill level 2 in Hexes
   920 | D:7      | Reached skill level 2 in Charms
   920 | D:7      | Reached skill level 2 in Summonings
   920 | D:7      | Reached skill level 2 in Necromancy
   920 | D:7      | Reached skill level 2 in Translocations
   920 | D:7      | Reached skill level 2 in Fire Magic
   920 | D:7      | Reached skill level 2 in Ice Magic
   920 | D:7      | Reached skill level 2 in Air Magic
   920 | D:7      | Reached skill level 2 in Earth Magic
   920 | D:7      | Reached skill level 2 in Poison Magic
  1091 | D:8      | Gained mutation: You passively map a small area around you. [potion of mutation]
  1091 | D:8      | Gained mutation: Potions are less effective at restoring your health. [potion of mutation]
  1091 | D:8      | Gained mutation: You have extremely sharp teeth. [potion of mutation]
  1091 | D:8      | Gained mutation: You have a somewhat thin skeletal structure. (Dex +2, Stealth) [potion of mutation]
  1122 | D:7      | Reached skill level 3 in Invocations
  1168 | D:7      | Reached XP level 8. HP: 60/60 MP: 14/16
  1197 | D:7      | Reached skill level 4 in Fighting
  1203 | D:7      | Reached skill level 3 in Short Blades
  1203 | D:7      | Reached skill level 3 in Long Blades
  1203 | D:7      | Reached skill level 3 in Axes
  1203 | D:7      | Reached skill level 3 in Maces & Flails
  1203 | D:7      | Reached skill level 3 in Polearms
  1203 | D:7      | Reached skill level 3 in Staves
  1203 | D:7      | Reached skill level 3 in Slings
  1203 | D:7      | Reached skill level 3 in Bows
  1203 | D:7      | Reached skill level 3 in Crossbows
  1203 | D:7      | Reached skill level 3 in Throwing
  1203 | D:7      | Reached skill level 3 in Armour
  1203 | D:7      | Reached skill level 3 in Stealth
  1203 | D:7      | Reached skill level 3 in Shields
  1203 | D:7      | Reached skill level 3 in Evocations
  1287 | D:7      | Found an opulent altar of Gozag.
  1299 | D:7      | Reached skill level 6 in Spellcasting
  1349 | D:7      | Noticed a hippogriff
  1364 | D:7      | Killed a hippogriff
  1364 | D:7      | Reached skill level 4 in Invocations
  1394 | D:6      | Reached skill level 3 in Conjurations
  1394 | D:6      | Reached skill level 3 in Hexes
  1394 | D:6      | Reached skill level 3 in Charms
  1394 | D:6      | Reached skill level 3 in Summonings
  1394 | D:6      | Reached skill level 3 in Necromancy
  1394 | D:6      | Reached skill level 3 in Translocations
  1394 | D:6      | Reached skill level 3 in Fire Magic
  1394 | D:6      | Reached skill level 3 in Ice Magic
  1394 | D:6      | Reached skill level 3 in Air Magic
  1394 | D:6      | Reached skill level 3 in Earth Magic
  1394 | D:6      | Reached skill level 3 in Poison Magic
  1429 | D:6      | Learned a level 5 spell: Blade Hands
  1456 | D:6      | Found Natunips's Distillery.
  1464 | D:6      | Bought a potion of curing for 33 gold pieces
  1464 | D:6      | Bought a potion of agility for 44 gold pieces
  1464 | D:6      | Bought a potion of might for 44 gold pieces
  1464 | D:6      | Bought a potion of lignification for 33 gold pieces
  1464 | D:6      | Bought a potion of brilliance for 44 gold pieces
  1476 | D:6      | Reached skill level 6 in Dodging
  1476 | D:6      | Reached XP level 9. HP: 36/66 MP: 12/18
  1499 | D:6      | Reached skill level 5 in Transmutations
  1560 | D:6      | HP: 9/99 [poisoned by an orc]
  1562 | D:6      | Quit the game

Vault maps used:
D:1:      dpeg_arrival_connections, corexii_hall_statues_u
D:2:      nicolae_ru_sacrificial_ziggurat, uniq_jessica
D:3:      grunt_ministairs_11, serial_bayou_pond_e
D:4:      first_ration
D:5:      uniq_prince_ribbit1
D:6:      minmay_temple_entry_enclosed_plants, serial_shops, shop, shop
D:7:      nicolae_gozag_seed_capital, uniq_pikel
D:8:      serial_shops, nicolae_shop_trees

Skill      XL: |  1  2  3  4  5  6  7  8  9 |
---------------+----------------------------+-----
Spellcasting   | 5 6 |  6.4
Invocations    | 1 2 3 4 |  4.3
Short Blades   | 1 2 3 |  3.9
Long Blades    | 1 2 3 |  3.9
Axes           | 1 2 3 |  3.9
Maces & Flails | 1 2 3 |  3.9
Polearms       | 1 2 3 |  3.9
Staves         | 1 2 3 |  3.9
Slings         | 1 2 3 |  3.9
Bows           | 1 2 3 |  3.9
Crossbows      | 1 2 3 |  3.9
Throwing       | 1 2 3 |  3.9
Armour         | 1 2 3 |  3.9
Stealth        | 1 2 3 |  3.9
Shields        | 1 2 3 |  3.9
Evocations     | 1 2 3 |  3.9
Conjurations   | 1 2 3 |  3.2
Hexes          | 1 2 3 |  3.2
Charms         | 1 2 3 |  3.2
Summonings     | 1 2 3 |  3.2
Necromancy     | 1 2 3 |  3.2
Translocations | 1 2 3 |  3.2
Fire Magic     | 1 2 3 |  3.2
Ice Magic      | 1 2 3 |  3.2
Air Magic      | 1 2 3 |  3.2
Earth Magic    | 1 2 3 |  3.2
Poison Magic   | 1 2 3 |  3.2
Fighting       | 3 4 |  4.7
Transmutations | 4 5 |  5.0
Dodging        | 5 6 |  6.1
Unarmed Combat | 7 |  7.7

Action                   |  1- 3 |  4- 6 |  7- 9 || total
-------------------------+-------+-------+-------++-------
Melee: Unarmed           |    16 |    44 |   103 ||   163
       Headbutt          |     3 |       |       ||     3
       Bite              |     2 |     1 |     4 ||     7
       Dagger            |       |     1 |     1 ||     2
       Hand axe          |       |       |    31 ||    31
       Kick              |       |       |     5 ||     5
       Punch             |       |       |     3 ||     3
Throw: Stone             |       |       |     4 ||     4
 Cast: Beastly Appendage |     5 |       |     1 ||     6
       Sticks to Snakes  |     2 |     3 |     9 ||    14
       Spider Form       |       |     9 |    10 ||    19
 Abil: Evoke Invisibilit |       |       |     2 ||     2
Evoke: Wand              |       |       |     3 ||     3
  Use: Scroll            |     4 |     2 |     5 ||    11
       Potion            |     1 |       |     4 ||     5
 Stab: Sleeping          |       |     1 |     2 ||     3
       Invisible         |       |       |     3 ||     3
  Eat: Chunk             |       |       |     4 ||     4
Armor: Skin              |       |     1 |    19 ||    20
       Robe              |       |       |     5 ||     5
Dodge: Dodged            |    10 |    30 |    89 ||   129

Table legend:
 A = Spawn XP
 B = Non-spawn XP
 C = Spawn XP percentage of total XP
 D = Spawn monster count
 E = Non-spawn monster count
 F = Spawn count percentage of total count
 G = Total turns spent on level
                    A         B        C        D         E        F      G
               +---------+---------+-------+---------+---------+-------+---------
         Total |       0 |    2772 |   0.0 |       0 |      74 |   0.0 |  1562
               +---------+---------+-------+---------+---------+-------+---------
           D:1 |       0 |       3 |   0.0 |       0 |       2 |   0.0 |   196
           D:2 |       0 |      19 |   0.0 |       0 |       3 |   0.0 |    64
           D:3 |       0 |      16 |   0.0 |       0 |       2 |   0.0 |   178
           D:4 |       0 |     153 |   0.0 |       0 |       8 |   0.0 |   243
           D:5 |       0 |     436 |   0.0 |       0 |       9 |   0.0 |   168
           D:6 |       0 |     579 |   0.0 |       0 |      14 |   0.0 |   236
           D:7 |       0 |    1566 |   0.0 |       0 |      36 |   0.0 |   433
               +---------+---------+-------+---------+---------+-------+---------

Table legend:
 A = Turns spent in this place as a percentage of turns spent in the entire game.
 B = Non-inter-level travel turns spent in this place as a percentage of non-inter-level travel turns spent in the entire game.
 C = Inter-level travel turns spent in this place as a percentage of turns spent in this place.
 D = Turns resting spent in this place as a percentage of non-inter-level travel turns spent in this place.
 E = Turns spent auto-exploring this place as a percentage of non-inter-level travel turns spent in this place.
 F = Non-inter-level travel turns spent in this place divided by the number of levels of this place that you've seen.
                   A       B       C       D       E      F
               +-------+-------+-------+-------+-------+----------------------
         Total | 100.0 | 100.0 |   0.3 |   0.0 |   0.0 | 194.8
       Dungeon | 100.0 | 100.0 |   0.3 |   0.0 |   0.0 | 194.8
               +-------+-------+-------+-------+-------+----------------------

Table legend:
 A = Kills in this place as a percentage of kills in entire the game.
 B = Kills by you in this place as a percentage of kills by you in the entire game.
 C = Kills by friends in this place as a percentage of kills by friends in the entire game.
 D = Other kills in this place as a percentage of other kills in the entire game.
 E = Experience gained in this place as a percentage of experience gained in the entire game.
 F = Experience gained in this place divided by the number of levels of this place that you have seen.
                   A       B       C       D       E      F
               +-------+-------+-------+-------+-------+----------------------
         Total | 100.0 | 100.0 | 100.0 | 100.0 | 100.0 | 346.5
       Dungeon | 100.0 | 100.0 | 100.0 | 100.0 | 100.0 | 346.5
               +-------+-------+-------+-------+-------+----------------------

Vault maps used:
D:1:      dpeg_arrival_connections, corexii_hall_statues_u
D:2:      nicolae_ru_sacrificial_ziggurat, uniq_jessica
D:3:      grunt_ministairs_11, serial_bayou_pond_e
D:4:      first_ration
D:5:      uniq_prince_ribbit1
D:6:      minmay_temple_entry_enclosed_plants, serial_shops, shop, shop
D:7:      nicolae_gozag_seed_capital, uniq_pikel
D:8:      serial_shops, nicolae_shop_trees
